 Dungeon Crawl Stone Soup version 0.29-a0-1033-gb6c65ffae6 (webtiles) character file.

Game seed: 7997283006574119435

21 drpainis the Sneak (level 2, -2/13 HPs)
             Began as a Spriggan Enchanter on Aug 15, 2022.
             Slain by a quokka (4 damage)
             ... on level 2 of the Dungeon.
             The game lasted 00:01:04 (1137 turns).

drpainis the Sneak (Spriggan Enchanter)             Turns: 1137, Time: 00:01:05

Health: -2/13      AC:  2    Str:  4    XL:     2   Next: 62%
Magic:  7/7        EV: 17    Int: 16    God:
Gold:   128        SH:  0    Dex: 15    Spells: 5/7 levels left

rFire   . . .      SeeInvis +   a - +1 dagger
rCold   . . .      Faith    .   (no shield)
rNeg    . . .      Spirit   .   b - +0 robe
rPois   +          Reflect  .   (helmet restricted)
rElec   .          Harm     .   (no cloak)
rCorr   .          Rampage  .   (gloves unavailable)
Will    .....                   (boots unavailable)
Stlth   +++.......              (no amulet)
HPRegen 0.04/turn               f - ring of poison resistance
MPRegen 0.10/turn               (no ring)

@: very quick
A: very small, no large weapons, unfitting armour, see invisible, speed 3
a: no special abilities


You were on level 2 of the Dungeon.
You visited 1 branch of the dungeon, and saw 2 of its levels.

You collected 128 gold pieces.

Inventory:

Hand Weapons
 a - a +1 dagger (weapon)
Armour
 b - a +0 robe (worn)
Jewellery
 f - a ring of poison resistance (left hand)
Scrolls
 d - a scroll of noise {unknown}
 e - a scroll of teleportation {unknown}
 g - a scroll of butterflies {unknown}
Potions
 c - 2 potions of invisibility
 h - 3 potions of flight {unknown}
 i - a potion of attraction {unknown}
 j - a potion of resistance {unknown}
 k - a potion of degeneration {unknown}


   Skills:
 + Level 1.3 Short Blades
 + Level 3.0 Dodging
 + Level 4.8 Stealth
 + Level 3.0 Spellcasting
 + Level 4.0 Hexes


You had 5 spell levels left.
You knew the following spells:

 Your Spells              Type           Power      Damage    Failure   Level
a - Ensorcelled Hibernat  Hex/Ice        16%        N/A       12%         2

Your spell library contained the following spells:

 Spells                   Type           Power      Damage    Failure   Level
 Confusing Touch          Hex            15%        N/A       11%         3
 Tukima's Dance           Hex            15%        N/A       11%         3
 Dazzling Flash           Conj/Hex       16%        N/A       24%         3


Dungeon Overview and Level Annotations

Branches:
Dungeon (2/15)

Altars:


Innate Abilities, Weirdness & Mutations

You are very small and have problems with some larger weapons.
You are too small for most types of armour.
You have supernaturally acute eyesight. (SInv)
You cover ground extremely quickly. (Speed+++)


Message History

Okay, then.
Found a stone staircase leading up.
There is a stone staircase leading up here.
A quokka comes into view.
A quokka is nearby!
A quokka is nearby!
A quokka is nearby!
Found 7 gold pieces.
You miss the quokka. The quokka closely misses you.
The quokka twitches its whiskers.
The quokka bites you.
You barely miss the quokka. The quokka misses you.
You hit the quokka but do no damage. The quokka bites you.
You barely miss the quokka. The quokka closely misses you.
You hit the quokka.
The quokka is severely wounded.
The quokka closely misses you.
You barely miss the quokka.
The quokka is severely wounded.
The quokka closely misses you.
You miss the quokka.
The quokka is severely wounded.
The quokka completely misses you.
You closely miss the quokka.
The quokka is severely wounded.
The quokka bites you.
You hit the quokka.
The quokka is almost dead.
The quokka closely misses you.
You hit the quokka but do no damage.
The quokka is almost dead.
The quokka barely misses you.
You miss the quokka.
The quokka is almost dead.
The quokka bites you.
* * * LOW HITPOINT WARNING * * *
You barely miss the quokka.
The quokka is almost dead.
The quokka misses you. The quokka bites you.
You die...

.# . ##$ #..
# #.# # #.
#.##.#
#.##r.#.#
#...@...#
+.......#
####...##
##..##
#....#
##<#...#
###..#....##
#....#.....#
.....
#.#######..#


You could see a quokka.

Vanquished Creatures
  A dart slug (D:1)
  3 bats (D:1)
  5 endoplasms
  A giant cockroach (D:2)
  2 goblins
  A hobgoblin (D:2)
  A ball python (D:1)
  A frilled lizard (D:1)
  2 rats (D:1)
17 creatures vanquished.

Notes
Turn   | Place    | Note
-------+----------+-------------------------------------------
     0 | D:1      | drpainis the Spriggan Enchanter began the quest for the
                  | Orb.
     0 | D:1      | Reached XP level 1. HP: 9/9 MP: 5/5
   352 | D:1      | Reached XP level 2. HP: 8/13 MP: 6/6
   505 | D:1      | Learned a level 2 spell: Ensorcelled Hibernation
  1137 | D:2      | Slain by a quokka

Illustrated notes

Levels and vault maps discovered:
D:1:      eino_arrival_cavern_d, layout_basic, minmay_bisected
D:2:      layout_loops_corners, hangedman_decor_clover_reticule

Skill      XL: |  1  2 |
---------------+-------+-----
Hexes          | 4 |  4.0
Spellcasting   | 3 |  3.0
Dodging        | 3 |  3.0
Short Blades   | |  1.3
Stealth        | |  4.8

Action                   || total
-------------------------++-------
Melee: Dagger            ||    48
 Stab: Sleeping          ||     9
Armor: Robe              ||    10
Dodge: Dodged            ||    49

Table legend: (Time is in decaauts)
 A = Elapsed time spent in this place.
 B = Non-inter-level travel time spent in this place.
 C = Inter-level travel time spent in this place.
 D = Time resting spent in this place.
 E = Time spent auto-exploring this place.
 F = Levels seen in this place.
 G = Mean time per level.
                   A        B        C        D        E       F      G
               +--------+--------+--------+--------+--------+-----+--------+
         Total |    779 |    779 |      0 |     28 |    611 |   2 |  389.5 |
       Dungeon |    779 |    779 |      0 |     28 |    611 |   2 |  389.5 |
               +--------+--------+--------+--------+--------+-----+--------+

Top non-repeatable levels by time:
     D:1: 634 daAuts
     D:2: 144 daAuts
